 Dungeon Crawl Stone Soup version 0.29.1-12-g30fa7ad0bf (webtiles) character file.

Game seed: 10664376869704168419

39 tesmudgin the Trooper (level 3, -1/33 HPs)
             Began as a Minotaur Fighter on Jan 10, 2023.
             Slain by a gnoll
             ... wielding a +0 halberd
              (11 damage)
             ... on level 2 of the Dungeon.
             The game lasted 00:02:42 (886 turns).

tesmudgin the Trooper (Minotaur Fighter)             Turns: 886, Time: 00:02:46

Health: -1/33      AC:  7    Str: 22    XL:     3   Next: 26%
Magic:  2/2        EV:  9    Int:  5    God:
Gold:   32         SH:  4    Dex:  9    Spells: 2/2 levels left

rFire   . . .      SeeInvis .   a - +0 war axe
rCold   . . .      Faith    .   c - +0 buckler
rNeg    . . .      Spirit   .   b - +0 scale mail
rPois   .          Reflect  .   (helmet restricted)
rElec   .          Harm     .   (no cloak)
rCorr   .          Rampage  .   (no gloves)
Will    .....                   (no boots)
Stlth   ..........              (no amulet)
HPRegen 0.11/turn               (no ring)
MPRegen 0.08/turn               (no ring)

@: no status effects
A: horns 2, retaliatory headbutt
a: no special abilities


You were on level 2 of the Dungeon.
You visited 1 branch of the dungeon, and saw 2 of its levels.

You collected 32 gold pieces.

Inventory:

Hand Weapons
 a - a +0 war axe (weapon)
Armour
 b - a +0 scale mail (worn)
 c - a +0 buckler (worn)
Jewellery
 g - a ring of wizardry
Scrolls
 h - a scroll of poison {unknown}
 i - a scroll of teleportation {unknown}
Potions
 d - a potion of might
 e - a potion of brilliance {unknown}
 f - a potion of lignification {unknown}
 j - a potion of degeneration {unknown}
 k - a potion of curing {unknown}


   Skills:
 + Level 4.1 Fighting
 + Level 3.1 Axes
 + Level 4.1 Armour
 + Level 0.2 Dodging
 + Level 4.1 Shields


You had 2 spell levels left.
You didn't know any spells.
Your spell library was empty.

Dungeon Overview and Level Annotations

Branches:
Dungeon (2/15)

Altars:


Innate Abilities, Weirdness & Mutations

You have a pair of horns on your head.
You reflexively headbutt those who attack you in melee.


Message History

There is a stone staircase leading up here.
A gnoll comes into view. It is wielding a +0 halberd.
You barely miss the worm. You closely miss the gnoll.
The gnoll completely misses you. The gnoll barely misses you.
You block the worm's attack. The gnoll hits you with a +0 club.
The gnoll completely misses you.
You hit the worm.
The worm is lightly wounded.
You barely miss the gnoll. x2
An endoplasm comes into view.
The gnoll hits you but does no damage. The gnoll barely misses you.
You furiously retaliate!
You headbutt the gnoll. The gnoll barely misses you.
You block the worm's attack.
You barely miss the gnoll.
The endoplasm quivers.
You headbutt the gnoll!
The gnoll is severely wounded.
You closely miss the gnoll. You barely miss the worm.
The gnoll barely misses you. The gnoll closely misses you.
The gnoll hits you but does no damage. The gnoll misses you.
You furiously retaliate!
You headbutt the gnoll. The worm bites you!
You hit the gnoll.
You kill the gnoll!
You slash the gnoll! You slash the worm! You block the gnoll's attack.
The gnoll barely misses you. You block the gnoll's attack. x2
The gnoll hits you but does no damage. The gnoll closely misses you.
The worm bites you.
Your Axes skill increases to level 3!
You barely miss the worm. You headbutt the worm!
The worm is almost dead.
You closely miss the gnoll. The gnoll barely misses you.
The gnoll closely misses you. The gnoll barely misses you.
You block the worm's attack.
You hit the worm.
You kill the worm!
You closely miss the gnoll. You block the gnoll's attack.
The gnoll hits you from afar with a +0 spear.
The gnoll hits you from afar with a +0 halberd.
The gnoll hits you from afar with a +0 halberd!
You die...

.... . # ...##..
#. ##...#...
###.## #.......#
......##..(....#
.............#
.###....<....#.
..............#
.###..g@......#
......).......#
...#.gJg.....##
.............#
.#...........#
##..###.......
#.. ...#.## ...
.....#


You could see 3 gnolls and an endoplasm.

Vanquished Creatures
  A gnoll (D:2)
  A worm (D:2)
  2 ball pythons (D:1)
  A bat (D:1)
  4 endoplasms (D:1)
  3 giant cockroaches (D:1)
  4 hobgoblins (D:1)
  A quokka (D:1)
  5 frilled lizards (D:1)
  3 kobolds (D:1)
  2 rats (D:1)
27 creatures vanquished.

Notes
Turn   | Place    | Note
-------+----------+-------------------------------------------
     0 | D:1      | tesmudgin the Minotaur Fighter began the quest for the Orb.
     0 | D:1      | Reached XP level 1. HP: 19/19 MP: 0/0
    76 | D:1      | Reached XP level 2. HP: 25/27 MP: 1/1
   824 | D:1      | Reached XP level 3. HP: 33/33 MP: 2/2
   863 | D:2      | Found a faded altar of an unknown god.
   886 | D:2      | Slain by a gnoll

Illustrated notes

Levels and vault maps discovered:
D:1:      psy_arrival_basics, layout_basic
D:2:      layout_rooms, nicolae_ecumenical_oubliette, uniq_natasha

Skill      XL: |  1  2  3 |
---------------+----------+-----
Fighting       | 4 |  4.1
Shields        | 4 |  4.1
Armour         | 4 |  4.1
Axes           | 3 |  3.1
Dodging        | |  0.2

Action                   || total
-------------------------++-------
Melee: War axe           ||    45
       Headbutt          ||     7
Armor: Scale mail        ||    18
Dodge: Dodged            ||    27
Block: Buckler           ||    19
